 Dungeon Crawl Stone Soup version 0.27-a0-695-gb4952372f7 (webtiles) character file.

Game seed: 209930002036645559

4 ReteAZ the Chiller (level 1, -3/13 HPs)
             Began as a Demonspawn Ice Elementalist on Mar 22, 2021.
             Killed from afar by a dart slug (5 damage)
             ... with a slug dart
             ... on level 1 of the Dungeon.
             The game lasted 00:00:27 (229 turns).

ReteAZ the Chiller (Demonspawn Ice Elementalist)     Turns: 229, Time: 00:00:27

Health: -3/13      AC:  2    Str:  8    XL:     1   Next: 50%
Magic:  2/3        EV: 12    Int: 16    God:
Gold:   9          SH:  0    Dex: 13    Spells: 3/4 levels left

rFire    . . .     SeeInvis .   b - +1 dagger (venom)
rCold    . . .     Faith    .   (no shield)
rNeg     . . .     Spirit   .   a - +0 robe
rPois    .         Reflect  .   (no helmet)
rElec    .         Harm     .   (no cloak)
rCorr    .         Rampage  .   (no gloves)
Will     .....                  (no boots)
Stlth    ++........             (no amulet)
HPRegen  0.04/turn              (no ring)
MPRegen  0.08/turn              (no ring)

@: no status effects
A: no striking features
a: no special abilities


You were on level 1 of the Dungeon.
You visited 1 branch of the dungeon, and saw 1 of its levels.

You collected 9 gold pieces.

Inventory:

Hand Weapons
 b - a +1 dagger of venom (weapon)
Armour
 a - a +0 robe (worn)
Potions
 c - a potion of mutation {unknown}


   Skills:
 - Level 1.7 Dodging
 - Level 1.7 Stealth
 + Level 2.1 Spellcasting
 + Level 3.7 Ice Magic


You had 3 spell levels left.
You knew the following spells:

 Your Spells              Type           Power      Damage    Failure   Level
a - Freeze                Ice            52%        1d7       4%          1

Your spell library contained the following spells:

 Spells                   Type           Power      Damage    Failure   Level
 Frozen Ramparts          Ice            26%        1d4       13%         3
 Ozocubu's Armour         Ice            13%        N/A       13%         3
 Animate Skeleton         Necr           2%         N/A       21%         1
 Apportation              Tloc           2%         N/A       21%         1
 Corona                   Hex            1%         N/A       21%         1
 Magic Dart               Conj           4%         1d3       21%         1
 Summon Small Mammal      Summ           4%         N/A       21%         1
 Blink                    Tloc           N/A        N/A       30%         2
 Call Imp                 Summ           1%         N/A       30%         2
 Slow                     Hex            1%         N/A       30%         2
 Conjure Flame            Conj/Fire      1%         6-21      52%         3
 Mephitic Cloud           Conj/Pois/Air  1%         N/A       52%         3
 Hailstorm                Conj/Ice       7%         3d4       67%         4
 Summon Ice Beast         Ice/Summ       7%         N/A       67%         4


Dungeon Overview and Level Annotations

Branches:
Dungeon (1/15)

Altars:
The Shining One


Message History

A bat is nearby!
The bat barely misses you.
You hit the bat.
The bat is poisoned.
The bat is severely wounded.
You kill the bat!
You can't see any susceptible monsters within range! (Use Z to cast anyway.)
Found a robe.
You see here a +0 robe.
A kobold comes into view.
A kobold is nearby!
A kobold is nearby!
A quokka comes into view.
The kobold shouts!
The kobold hits you.
You freeze the kobold.
You kill the kobold!
A quokka is nearby!
A quokka is nearby!
A quokka is nearby!
You see here 3 stones.
Found a blackened bone ring.
You can't see any susceptible monsters within range! (Use Z to cast anyway.)
A dart slug comes into view.
The quokka bites you but does no damage.
The dart slug launches a dart at you. The slug dart misses you.
You freeze the quokka.
The quokka is lightly wounded.
The quokka barely misses you. The quokka bites you.
You barely miss the quokka. The dart slug launches a dart at you.
The slug dart misses you. The quokka misses you.
You closely miss the quokka. The quokka bites you.
You hit the quokka.
The quokka is poisoned.
The quokka is moderately wounded.
The quokka bites you.
* * * LOW HITPOINT WARNING * * *
The dart slug launches a dart at you. The slug dart hits you.
You die...

# #..#.######..## #
.....#.#..#.# ##..##...
.....#.#..#.####..##....
.....#....#..#...##.....
.......#..#....###...._.
.......#.##.##...##.....
.......#(.# ###..##....
.w....r##.# ##..##...
.......@..# ##..## #
.....=....# ##..###
......≈#..# #...#.
..........# #.#.#.
..........# #.#...
.......#### #.#..#
....... #.#..# .......
#.#### #.# #


You could see a dart slug and a quokka (very poisoned).

Vanquished Creatures
  A bat (D:1)
  A goblin (D:1)
  A kobold (D:1)
3 creatures vanquished.

Notes
Turn   | Place    | Note
-------+----------+-------------------------------------------
     0 | D:1      | ReteAZ the Demonspawn Ice Elementalist began the quest for
                  | the Orb.
     0 | D:1      | Reached XP level 1. HP: 13/13 MP: 3/3
   229 | D:1      | Killed from afar by a dart slug

Illustrated notes

Levels and vault maps discovered:
D:1:      noname_arrival_rooms_in_the_neighbourhood, layout_basic,
          kennysheep_decorative_pillar, interstate_on_off, tso_metal_star

Action                   || total
-------------------------++-------
Melee: Dagger            ||     4
 Cast: Freeze            ||     3
Armor: Robe              ||     1
Dodge: Dodged            ||     5

Table legend: (Time is in decaauts)
 A = Elapsed time spent in this place.
 B = Non-inter-level travel time spent in this place.
 C = Inter-level travel time spent in this place.
 D = Time resting spent in this place.
 E = Time spent auto-exploring this place.
 F = Levels seen in this place.
 G = Mean time per level.
                   A        B        C        D        E       F      G
               +--------+--------+--------+--------+--------+-----+--------+
         Total |    228 |    228 |      0 |      0 |    195 |   1 |  228.0 |
       Dungeon |    228 |    228 |      0 |      0 |    195 |   1 |  228.0 |
               +--------+--------+--------+--------+--------+-----+--------+

Top non-repeatable levels by time:
     D:1: 228 daAuts
